 Dungeon Crawl Stone Soup version 0.22-a0-448-g1fb7470 (webtiles) character file.

9214 HammerPanzer the Carver (level 11, -3/148 HPs)
             Began as a Yellow Draconian Berserker on June 4, 2018.
             Was a High Priest of Trog.
             Slain by a white ugly thing (18 damage)
             ... on level 10 of the Dungeon.
             The game lasted 00:43:34 (12586 turns).

HammerPanzer the Carver (DrBe)                     Turns: 12586, Time: 00:43:36

Health: -3/148     AC: 13    Str: 25    XL:     11   Next: 20%
Magic:  11/11      EV: 18    Int: 13    God:    Trog [*****.]
Gold:   178        SH:  0    Dex: 16    Spells: 10/10 levels left

rFire    . . .     SeeInvis .   L - +1 morningstar "Lobuty" {flame, rN+ Int+3}
rCold    . . .     Gourm    .   (no shield)
rNeg     + . .     Faith    .   (armour unavailable)
rPois    .         Spirit   .   (helmet restricted)
rElec    .         Reflect  .   (no cloak)
rCorr    +         Harm     .   (no gloves)
MR       .....                  f - +1 pair of boots
Stlth    ..........             d - amulet of the acrobat
HPRegen  0.34/turn              k - +4 ring of protection
MPRegen  0.12/turn              i - +5 ring of dexterity

@: berserking, very quick
A: spit acid, acid resistance, unfitting armour, cold-blooded, AC +7
a: Breathe Acid, Berserk, Trog's Hand, Brothers in Arms, Renounce Religion


You were on level 10 of the Dungeon.
You worshipped Trog.
Trog was extremely pleased with you.
You were hungry.

You visited 1 branch of the dungeon, and saw 11 of its levels.
You also visited: Ossuary.

You collected 178 gold pieces.

Inventory:

Hand Weapons
 A - the +9 great mace of Focus {drain, *Rage rF+ rC+ Stlth+}
   (You found it on level 7 of the Dungeon)

   A truly terrible weapon, it drains the life of those it strikes.
   It protects you from fire.
   It protects you from cold.
   It may make you go berserk in combat.
   It makes you more stealthy.
 H - a +2 scimitar of holy wrath
 L - the +1 morningstar "Lobuty" (weapon) {flame, rN+ Int+3}
   (Trog gifted it to you on level 10 of the Dungeon)

   It has been specially enchanted to burn those struck by it, causing extra
   injury to most foes and up to half again as much damage against particularly
   susceptible opponents.
   It affects your intelligence (+3).
   It protects you from negative energy.
Missiles
 m - 3 silver tomahawks (quivered)
Armour
 f - a +1 pair of boots (worn)
Jewellery
 d - an amulet of the acrobat (around neck)
 i - a +5 ring of dexterity (right hand)
 k - a +4 ring of protection (left hand)
 n - an uncursed amulet of the gourmand
 p - an uncursed ring of poison resistance
 x - the amulet of Joudofegeu {+Inv Regen+ Str-3 Int+5 Dex+3}
   (You found it on level 6 of the Dungeon)

   [amulet of regeneration]

   It affects your strength (-3).
   It affects your intelligence (+5).
   It affects your dexterity (+3).
   It lets you turn invisible.
   It increases your rate of regeneration.
 F - an uncursed ring of protection from cold {unknown}
Wands
 a - a wand of polymorph (10)
 g - a wand of iceblast (7)
 r - a wand of scattershot (6)
 y - a wand of digging (15)
 B - a wand of paralysis (18)
Scrolls
 l - 4 scrolls of teleportation
 v - a scroll of amnesia {unknown}
 w - a scroll of remove curse
 C - a scroll of fog
 E - 2 scrolls of blinking
 I - a scroll of magic mapping
 J - 3 scrolls of identify
Potions
 c - 3 potions of flight
 e - a potion of agility
 h - a potion of invisibility {unknown}
 j - a potion of might
 o - 9 potions of haste
 q - a potion of berserk rage {unknown}
 s - 3 potions of mutation
 t - 5 potions of curing
 u - a potion of cancellation {unknown}
 z - a potion of lignification {unknown}
Miscellaneous
 M - a phantom mirror
Comestibles
 b - 15 rations


   Skills:
 + Level 9.6 Fighting
 + Level 11.1 Long Blades
 * Level 7.4 Maces & Flails
 + Level 8.2 Dodging


You had 10 spell levels left.
You didn't know any spells.
Your spell library was empty.

Dungeon Overview and Level Annotations

Branches:
Dungeon (11/15)            Temple (0/1) D:7            Lair (0/6) D:8
    Orc (0/2) D:10

Altars:
Ashenzari
Kikubaaqudgha
Nemelex Xobeh
Okawaru
Qazlal
Vehumet
Wu Jian
Xom
The Shining One
Beogh

Shops:
D:4 }   D:5 =

Annotations:
D:8 Maurice


Innate Abilities, Weirdness & Mutations

You can spit globs of acid.
You are resistant to acid.
Your golden yellow scales are hard. (AC +7)
You cannot fit into any form of body armour.
You are cold-blooded and may be slowed by cold attacks.


Message History

You feel yourself moving faster!
You feel mighty!
You are feeling hungry.
The cyan ugly thing kicks you. The cyan ugly thing shocks you!
The cyan ugly thing basks in the mutagenic energy from its kin and changes!
You impale the cyan ugly thing!! You burn the cyan ugly thing.
The cyan ugly thing is heavily wounded.
The cyan ugly thing kicks you!
* * * LOW HITPOINT WARNING * * *
The cyan ugly thing shocks you!
* * * LOW HITPOINT WARNING * * *
You thump the cyan ugly thing! You burn the cyan ugly thing.
The cyan ugly thing is severely wounded.
You impale the white ugly thing!! You burn the white ugly thing!
You tail-slap the white ugly thing.
The white ugly thing is almost dead.
The cyan ugly thing basks in the mutagenic energy from its kin and changes!
The white ugly thing gores you!
* * * LOW HITPOINT WARNING * * *
The white ugly thing freezes you!!
You die...

######### #......... #.......#
###############.....##.
#......)###...##.......##.....###
#...>...)......#.......##.....##.
##.....###.....#.......##.....##.
#8...8# #.....#................#
###'### #..[..#...............##
#.....# #.....#uu.............#
#.....# ####'##@###...####...###
#.._..# ##...##..##...####...###
#.....# #........#<...........##
#.....# #........#........)...##
####### #.[......#............#
##.....####...####..###
##################(####
#...........)(...
#..........)....(


You could see 2 ugly things.

Vanquished Creatures
  A hydra (D:10)
  A two-headed ogre (D:10)
  The ghost of grizmgrazm2 the Cleaver, a novice MiGl of Yredelemnul (D:8)
  Pikel (D:9)
  A hippogriff (D:10)
  The ghost of anything the Vandal, an amateur OpHu (D:4)
  Sigmund (D:6)
  A wraith (D:10)
  The ghost of Curus the Changer, an amateur MfTm of Okawaru (D:3)
  An acid dragon (D:10)
  2 hell hounds (D:8)
  9 orc warriors
  2 phantoms
  An ice beast (D:7)
  3 ogres
  2 sky beasts
  A wolf (D:9)
  4 centaurs
  2 big kobolds
  5 gnoll sergeants
  7 bullfrogs
  A wyvern skeleton (D:8)
  A water moccasin zombie (D:8)
  4 scorpions
  A wight (D:10)
  A howler monkey (D:5)
  3 crimson imps
  11 orc priests
  11 hounds
  4 jellies
  14 orc wizards
  A centaur skeleton (D:4)
  4 gnoll shamans
  3 bullfrog skeletons
  5 iguanas
  8 worker ants
  3 hound skeletons (D:8)
  8 mummies (Ossuary)
  12 adders
  36 gnolls
  2 shadow imps
  An ooze (D:3)
  An adder skeleton (D:9)
  7 worms
  4 leopard geckos
  46 orcs
  4 bats
  6 giant cockroaches
  9 goblins
  4 hobgoblins
  20 jackals
  13 kobolds
  4 quokkas
  2 frilled lizards (D:1)
  A gnoll zombie (Ossuary)
  2 hobgoblin zombies (Ossuary)
  3 kobold zombies (Ossuary)
  2 orc zombies (Ossuary)
  12 rats
  2 rat zombies (D:5)
324 creatures vanquished.

Vanquished Creatures (others)
  2 slaves (D:9)
  A hound (D:9)
  A centaur skeleton (D:9)
  A gnoll (D:9)
  A dart slug (D:4)
  4 kobolds (D:9)
10 creatures vanquished.

Grand Total: 334 creatures vanquished

Notes
Turn   | Place    | Note
-------+----------+-------------------------------------------
     0 | D:1      | HammerPanzer the Draconian Berserker began the quest for the Orb.
     0 | D:1      | Reached XP level 1. HP: 19/19 MP: 1/1
   247 | D:1      | Reached XP level 2. HP: 26/26 MP: 2/2
   971 | D:2      | Found an ornate altar of the Wu Jian Council.
  1007 | D:2      | Found a shimmering altar of Xom.
  1052 | D:2      | Reached XP level 3. HP: 30/31 MP: 3/3
  1057 | D:2      | Reached ** piety under Trog
  1661 | D:3      | Reached skill level 4 in Long Blades
  1664 | D:3      | Reached XP level 4. HP: 27/40 MP: 4/4
  2003 | D:3      | Reached XP level 5. HP: 46/46 MP: 5/5
  2059 | D:3      | Found a radiant altar of Vehumet.
  2419 | D:3      | Noticed a centaur
  2423 | D:3      | Noticed Curus's ghost (amateur MfTm)
  2429 | D:3      | Killed a centaur
  2429 | D:3      | Reached skill level 5 in Long Blades
  2438 | D:3      | Killed Curus's ghost
  2438 | D:3      | Reached XP level 6. HP: 21/55 MP: 6/6
  2872 | D:3      | Found a glowing golden altar of the Shining One.
  3116 | D:4      | Reached skill level 5 in Fighting
  3301 | D:4      | Noticed anything's ghost (amateur OpHu)
  3314 | D:4      | Killed anything's ghost
  3314 | D:4      | Reached *** piety under Trog
  3314 | D:4      | Reached skill level 6 in Long Blades
  3314 | D:4      | Your scales start taking on a golden yellow colour.
  3314 | D:4      | Reached XP level 7. HP: 61/61 MP: 7/7
  3647 | D:4      | Found a stormy altar of Qazlal.
  3761 | D:4      | Found Geri's Gadget Shop.
  3796 | D:5      | Entered Level 5 of the Dungeon
  3807 | D:5      | Reached skill level 7 in Long Blades
  3824 | D:5      | Reached skill level 5 in Dodging
  3845 | D:5      | Found Wumpux's Jewellery Emporium.
  3888 | D:5      | Reached XP level 8. HP: 28/70 MP: 8/8
  4037 | D:5      | Found a sand-covered staircase.
  4044 | Ossuary  | Entered an ossuary
  4542 | D:4      | Reached **** piety under Trog
  4998 | D:5      | Reached skill level 8 in Long Blades
  5633 | D:6      | Noticed Sigmund
  5929 | D:6      | Killed Sigmund
  5929 | D:6      | Reached skill level 9 in Long Blades
  5929 | D:6      | Reached XP level 9. HP: 79/79 MP: 9/9
  6047 | D:6      | Got a glittering iron amulet
  6236 | D:6      | Identified the amulet of Joudofegeu {+Inv Regen+ Str-3 Int+5 Dex+3} (You found it on level 6 of the Dungeon)
  6301 | D:7      | Found a staircase to the Ecumenical Temple.
  6402 | D:7      | Got a polished great mace
  6412 | D:7      | Identified the +9 great mace of Focus {drain, *Rage rF+ rC+ Stlth+} (You found it on level 7 of the Dungeon)
  6465 | D:7      | Reached skill level 1 in Maces & Flails
  6969 | D:7      | Reached ***** piety under Trog
  7078 | D:7      | Found a sparkling altar of Nemelex Xobeh.
  7758 | D:8      | Received a gift from Trog
  7784 | D:8      | Found a shimmering altar of Xom.
  7822 | D:8      | Found a shattered altar of Ashenzari.
  8010 | D:8      | Noticed grizmgrazm2's ghost (novice MiGl)
  8020 | D:8      | Killed grizmgrazm2's ghost
  8020 | D:8      | Reached skill level 10 in Long Blades
  8020 | D:8      | Reached XP level 10. HP: 88/88 MP: 10/10
  8168 | D:8      | Noticed Maurice
  8321 | D:8      | Found a staircase to the Lair.
  8361 | D:8      | Found an iron altar of Okawaru.
  8733 | D:9      | Found an ancient bone altar of Kikubaaqudgha.
  9338 | D:9      | Got a warped war axe {chop}
  9569 | D:9      | Noticed Pikel
  9576 | D:10     | Entered Level 10 of the Dungeon
  9984 | D:9      | Killed Pikel
  9984 | D:9      | Reached skill level 5 in Maces & Flails
 11183 | D:10     | Received a gift from Trog
 11188 | D:10     | Got a pitted morningstar {god gift}
 11394 | D:10     | Noticed a catoblepas
 11395 | D:10     | Noticed a two-headed ogre
 11726 | D:10     | Identified the +1 morningstar "Lobuty" {flame, rN+ Int+3} (Trog gifted it to you on level 10 of the Dungeon)
 11886 | D:10     | Noticed a six-headed hydra
 11892 | D:10     | Killed a six-headed hydra
 11892 | D:10     | Reached skill level 11 in Long Blades
 11892 | D:10     | Reached XP level 11. HP: 97/97 MP: 11/11
 11897 | D:10     | Noticed a cyan ugly thing
 11897 | D:10     | Noticed a white ugly thing
 11900 | D:10     | Killed a two-headed ogre
 12254 | D:10     | Found a staircase to the Orcish Mines.
 12554 | D:10     | Found a roughly hewn altar of Beogh.
 12586 | D:10     | Slain by a white ugly thing

Vault maps used:
D:1:      dpeg_arrival_rooms_a, minmay_rat_gold_closets
D:2:      minitemple, mrwooster_statue_mirror
D:3:      old_standard_altar, fiery_altar_vehumet
D:4:      serial_shops, shop, first_ration, kennysheep_nub, st_stairs_7,
          grunt_qazlal_clouds
D:5:      enter_ossuary_4, serial_shops, kennysheep_mini_moat
D:6:      uniq_sigmund
D:7:      kennysheep_little_box, minmay_temple_entry_statues_fountains,
          minmay_misc_feat_enclosed
D:8:      nicolae_overflow_crystal_walls, lemuel_crystal_altar,
          nicolae_overflow_hidden_temple, minmay_lair_entry_lava, basic_altar,
          uniq_maurice
D:9:      serial_gnoll_camp, gnoll_camp_mini_doghouse,
          gnoll_camp_mini_loothouse, gnoll_camp_mini_basic,
          gnoll_camp_huts_basic, gnoll_camp_medium_02, gnoll_camp_medium_01,
          basic_altar, uniq_pikel
D:10:     hangedman_cross_veins, minmay_orc_entry_temple_small
D:11:     enter_bailey_3, special_room
Ossuary:  ossuary_tomb_3

Skill      XL: |  1  2  3  4  5  6  7  8  9 10 |
---------------+-------------------------------+-----
Dodging        | 3 4 5 6 7 8 |  8.2
Long Blades    | 4 5 6 7 9 10 11 | 11.1
Fighting       | 4 5 7 8 9 |  9.6
Maces & Flails | 3 7 |  7.4

Action                   |  1- 3 |  4- 6 |  7- 9 | 10-12 || total
-------------------------+-------+-------+-------+-------++-------
Melee: Falchion          |   128 |   109 |   242 |       ||   479
       Tailslap          |    16 |    17 |    93 |    56 ||   182
       Long sword        |       |       |   203 |   145 ||   348
       Great mace        |       |       |       |   165 ||   165
       Morningstar       |       |       |       |    82 ||    82
Throw: Tomahawk          |       |       |       |     1 ||     1
Invok: Berserk           |     2 |     3 |    12 |     8 ||    25
 Abil: Breathe Acid      |       |       |    11 |     8 ||    19
  Use: Scroll            |       |     8 |     8 |     5 ||    21
       Potion            |       |       |       |     4 ||     4
 Stab: Sleeping          |     2 |       |     1 |       ||     3
       Distracted        |       |       |     1 |       ||     1
       Petrified         |       |       |       |     1 ||     1
  Eat: Chunk             |     3 |     8 |    26 |    21 ||    58
       Ration            |       |       |     1 |     1 ||     2
Armor: Skin              |    37 |    27 |   106 |   149 ||   319
Dodge: Dodged            |    82 |    63 |   305 |   500 ||   950
Block: Shield            |       |       |       |     6 ||     6
       Rpst.: Falchion   |    19 |    19 |    53 |       ||    91
       Long sword        |       |       |    46 |    19 ||    65

Table legend:
 A = Spawn XP
 B = Non-spawn XP
 C = Spawn XP percentage of total XP
 D = Spawn monster count
 E = Non-spawn monster count
 F = Spawn count percentage of total count
 G = Total turns spent on level
                    A         B        C        D         E        F      G
               +---------+---------+-------+---------+---------+-------+---------
         Total |       0 |   13164 |   0.0 |       0 |     324 |   0.0 | 12586
               +---------+---------+-------+---------+---------+-------+---------
           D:1 |       0 |      26 |   0.0 |       0 |      19 |   0.0 |   783
           D:2 |       0 |      55 |   0.0 |       0 |      24 |   0.0 |  1034
           D:3 |       0 |     480 |   0.0 |       0 |      29 |   0.0 |  1095
           D:4 |       0 |     875 |   0.0 |       0 |      19 |   0.0 |  1144
           D:5 |       0 |     784 |   0.0 |       0 |      20 |   0.0 |  1577
           D:6 |       0 |     655 |   0.0 |       0 |      15 |   0.0 |   456
           D:7 |       0 |    1084 |   0.0 |       0 |      29 |   0.0 |  1230
           D:8 |       0 |    2113 |   0.0 |       0 |      39 |   0.0 |  1410
           D:9 |       0 |    3029 |   0.0 |       0 |      71 |   0.0 |  2728
          D:10 |       0 |    3911 |   0.0 |       0 |      43 |   0.0 |   915
       Ossuary |       0 |     152 |   0.0 |       0 |      16 |   0.0 |   212
               +---------+---------+-------+---------+---------+-------+---------
